WCHLSIM.com - West Coast Hockey League
html PUBLIC "-//W3C//DTD XHTML 1.0 Transitional//EN" "http://www.w3.org/TR/xhtml1/DTD/xhtml1-transitional.dtd"> WCHL - Game 252 - KANSAS CITY KILLERBEES vs UTAH ICE BEARS

KANSAS CITY KILLERBEES vs UTAH ICE BEARS

Created - 20 décembre 2020 at 21:44

Goals
1 2 3 T
KANSAS CITY KILLERBEES 1 1 0 2
UTAH ICE BEARS 0 1 0 1
Shots
1 2 3 T
KANSAS CITY KILLERBEES 6 12 11 29
UTAH ICE BEARS 12 10 12 34

1st period

1. KANSAS CITY KILLERBEES , Zach Hyman 3 (Mark Stone 10, Sean Couturier 17) at 5:52

Penalties :
Andrew Mangiapane (UTA) for Slashing (Minor) at 1:04, Nicholas Ritchie (KCK) for Tripping (Minor) at 3:04

2nd period

2. UTAH ICE BEARS , Alex Galchenyuk 3 (Alexander Edler 8) at 0:29
3. KANSAS CITY KILLERBEES , Jacob Muzzin 2 (Adam Larsson 2, Nick Schmaltz 13) at 15:37

Penalties :
T.J. Brodie (UTA) for Interference (Minor) at 6:05, John Gibson (KCK) for Delaying the game (Minor) at 18:17 - Zach Hyman served the penalty.

3rd period

No Goal

Penalties :
Nicholas Ritchie (KCK) for Boarding (Double Minor) at 2:34, Sean Couturier (KCK) for Cross-checking (Minor) at 9:12, Nick Schmaltz (KCK) for Elbowing (Minor) at 12:21, Jacob Muzzin (KCK) for Holding (Minor) at 15:47

Goalie Stats

John Gibson (KCK), 33 saves from 34 shots - (0,971), W, 7-3-2, 60:00 minutes
Devan Dubnyk (UTA), 27 saves from 29 shots - (0,931), L, 2-6-1, 59:00 minutes

Players Stats for KANSAS CITY KILLERBEES

Player Name              G  A  P  +/- PIM S  H  SB GA TA FO     MP     PP MP  PK MP  
------------------------------------------------------------------------------------
Adam Larsson             0  1  1   1  0   0  2  2  0  0  0/0    22:50   0:00   7:16 
Cam Fowler               0  0  0  -1  0   0  0  0  0  0  0/0    16:21   1:22   0:00 
Colin Miller             0  0  0   1  0   0  0  1  0  0  0/0    20:27   1:22   6:38 
Haydn Fleury             0  0  0  -1  0   0  0  0  0  0  0/0    21:42   2:36   7:03 
Jacob Muzzin             1  0  1   1  2   2  2  2  0  0  0/0    20:01   2:36   0:13 
Josh Archibald           0  0  0   0  0   2  0  0  0  0  0/1    13:23   0:00   5:34 
Mark Stone               0  1  1   1  0   3  1  2  0  0  1/2    17:50   1:22   0:00 
Nicholas Ritchie         0  0  0   0  6   2  1  0  0  0  0/0    12:21   0:00   4:34 
Nick Schmaltz            0  1  1   0  2   3  1  0  0  0  11/24  19:33   2:36   0:54 
Oscar Fantenberg         0  0  0   1  0   0  2  0  0  0  0/0    18:38   0:00   6:38 
Oskar Sundqvist          0  0  0   0  0   1  0  0  0  0  1/3     1:47   0:00   0:00 
Paul Stastny             0  0  0   0  0   2  0  0  0  0  9/13   13:50   0:00   5:34 
Riley Sheahan            0  0  0   0  0   1  0  0  0  0  13/19   9:40   0:00   7:53 
Ryan Dzingel             0  0  0   0  0   0  0  0  0  0  1/2     4:23   2:36   0:00 
Sean Couturier           0  1  1   1  2   5  1  1  0  0  12/21  17:49   1:22   0:00 
Tyler Ennis              0  0  0   0  0   3  3  0  0  0  0/1    18:13   2:36   0:00 
Zach Hyman               1  0  1   1  0   5  0  0  0  0  0/0    20:52   1:22   3:02 
Zach Parise              0  0  0   0  0   0  0  0  0  0  1/2    16:21   0:00   0:17 

Players Stats for UTAH ICE BEARS

Player Name              G  A  P  +/- PIM S  H  SB GA TA FO     MP     PP MP  PK MP  
------------------------------------------------------------------------------------
Alex Galchenyuk          1  0  1   1  0   4  1  0  0  0  19/37  21:50   6:36   2:08 
Alexander Edler          0  1  1   0  0   5  1  1  0  0  0/0    25:18   6:48   2:43 
Andrew Mangiapane        0  0  0   1  2   8  1  0  0  0  1/2    21:02   6:54   1:03 
Artem Anisimov           0  0  0  -1  0   1  0  0  0  0  12/26  21:01   6:27   0:00 
Blake Lizotte            0  0  0  -1  0   0  0  0  0  0  5/15   15:01   0:33   0:00 
Jakub Lauko              0  0  0   0  0   0  0  0  0  0  1/1     2:22   2:09   0:00 
Kevin Shattenkirk        0  0  0   0  0   0  1  0  0  0  0/0    24:31   6:48   1:56 
MacKenzie Weegar         0  0  0   0  0   4  3  1  0  0  0/0    22:13   7:06   1:30 
Nathan Walker            0  0  0   0  0   0  0  0  0  0  0/0     0:00   0:00   0:00 
Nicholas Paul            0  0  0  -1  0   4  4  0  0  0  0/1    23:08   6:26   2:08 
Radim Simek              0  0  0  -1  0   1  1  2  0  0  0/0    12:44   0:00   0:00 
Robert Lantosi           0  0  0  -1  0   0  0  0  0  0  0/0    14:28   0:00   0:00 
Ross Colton              0  0  0   0  0   0  0  0  0  0  0/0     0:00   0:00   0:00 
T.J. Brodie              0  0  0   0  2   4  2  1  0  0  0/0    21:26   7:06   0:44 
Troy Stecher             0  0  0  -1  0   1  0  0  0  0  0/0    13:47   0:00   1:03 
Valentin Zykov           0  0  0   0  0   0  1  0  0  0  0/1    18:12   6:54   0:00 
Vladimir Sobotka         0  0  0  -1  0   1  1  0  0  0  1/2    15:15   0:00   0:47 
Zachary Sanford          0  0  0   0  0   1  2  0  0  0  0/3    23:42   5:43   1:50 

3 Stars

1 - John Gibson (KCK)
2 - Zach Hyman (KCK)
3 - Jacob Muzzin (KCK)

Power Play

KANSAS CITY KILLERBEES - 0 on 2 Attempt(s) - 0,00%
UTAH ICE BEARS - 0 on 7 Attempt(s) - 0,00%

Penalty Kill

KANSAS CITY KILLERBEES - 7 on 7 Attempt(s) - 100,00% - Score 0 goal in Penalty Kill
UTAH ICE BEARS - 2 on 2 Attempt(s) - 100,00% - Score 0 goal in Penalty Kill

Team Stat

KANSAS CITY KILLERBEES - Hits : 13 - Faceoff Wins : 49 - Blocked Shots : 8 - Penalty Minutes : 14
UTAH ICE BEARS - Hits : 18 - Faceoff Wins : 39 - Blocked Shots : 5 - Penalty Minutes : 4

Official

Referees : Mike Sheehan and Corey Syvret
Linesman : Derek Wahl and Michel Cormier

Game Notes

No Game Note

Finance

Level 1 -- Attendance: 7429 (95,86%) -- Ticket Income 839 477 $
Level 2 -- Attendance: 5750 (100,00%) -- Ticket Income 442 750 $
Level 3 -- Attendance: 2500 (100,00%) -- Ticket Income 140 000 $
Level 4 -- Attendance: 5000 (100,00%) -- Ticket Income 180 000 $
Luxury Box -- Attendance: 1000 (100,00%) -- Ticket Income 225 000 $
Total Attendance: 21679 (98,54%)
Total Ticket Income: 1 827 227 $
Other Income: 639 529 $
Total Income: 2 466 756 $

KANSAS CITY KILLERBEES

5 vs 5 Forward 
   Center                   Left Wing                Right Wing               Time % Phy DF OF 
 1 Sean Couturier           Zach Hyman               Mark Stone               36     1   2  2  
 2 Nick Schmaltz            Tyler Ennis              Zach Parise              34     1   2  2  
 3 Paul Stastny             Nicholas Ritchie         Josh Archibald           23     1   2  2  
 4 Oskar Sundqvist          Riley Sheahan            Ryan Dzingel             7      1   2  2  

5 vs 5 Defense 
   Defense                  Defense                                           Time % Phy DF OF 
 1 Jacob Muzzin             Adam Larsson                                      36     1   2  2  
 2 Haydn Fleury             Cam Fowler                                        35     1   2  2  
 3 Colin Miller             Oscar Fantenberg                                  28     1   2  2  
 4 Adam Larsson             Jacob Muzzin                                      1      1   2  2  

PowerPlay Forward 
   Center                   Left Wing                Right Wing               Time % Phy DF OF 
 1 Sean Couturier           Zach Hyman               Mark Stone               55     1   2  2  
 2 Nick Schmaltz            Tyler Ennis              Ryan Dzingel             45     1   2  2  

PowerPlay Defense
   Defense                  Defense                                           Time % Phy DF OF 
 1 Colin Miller             Cam Fowler                                        50     1   2  2  
 2 Haydn Fleury             Jacob Muzzin                                      50     1   2  2  

Penalty Kill 4 Players Forward 
   Center                   Wing                     Time % Phy DF OF 
 1 Riley Sheahan            Nicholas Ritchie         55     1   2  2  
 2 Paul Stastny             Josh Archibald           45     1   2  2  

Penalty Kill 4 Players Defense
   Defense                  Defense                  Time % Phy DF OF 
 1 Haydn Fleury             Adam Larsson             50     1   2  2  
 2 Colin Miller             Oscar Fantenberg         50     1   2  2  

Penalty Kill - 3 Players Forward 
   Forward                                           Time % Phy DF OF 
 1 Riley Sheahan                                     55     1   2  2  
 2 Josh Archibald                                    45     1   2  2  

Penalty Kill - 3 Players Defense
   Defense                  Defense                  Time % Phy DF OF 
 1 Oscar Fantenberg         Adam Larsson             50     1   2  2  
 2 Haydn Fleury             Cam Fowler               50     1   2  2  

4 vs 4 Forward 
   Center                   Wing                     Time % Phy DF OF 
 1 Sean Couturier           Mark Stone               55     1   2  2  
 2 Nick Schmaltz            Zach Hyman               45     1   2  2  

4 vs 4 Defense
   Defense                  Defense                  Time % Phy DF OF 
 1 Jacob Muzzin             Adam Larsson             50     1   2  2  
 2 Haydn Fleury             Cam Fowler               50     1   2  2  

Last Minutes Offensive
   Center                   Left Wing                Right Wing               Defense                  Defense                  
   Sean Couturier           Zach Hyman               Mark Stone               Cam Fowler               Jacob Muzzin             

Last Minutes Defensive
   Center                   Left Wing                Right Wing               Defense                  Defense                  
   Sean Couturier           Nick Schmaltz            Mark Stone               Adam Larsson             Jacob Muzzin             

Goaltenders
Starting : John Gibson              
Backup : Mikhail Berdin           

Extra Forwards
Normal : Mark Stone, Paul Stastny, Nick Schmaltz - PP : Nicholas Ritchie, Sean Couturier - PK : Zach Hyman
Extra Defensemen
Normal : Jacob Muzzin, Haydn Fleury, Cam Fowler - PP : Colin Miller - PK : Jacob Muzzin, Adam Larsson
Penalty Shots
Nick Schmaltz, Mark Stone, Sean Couturier, Zach Hyman, Paul Stastny
Custom OT Lines Forwards
Sean Couturier, Mark Stone, Paul Stastny, Zach Hyman, Nick Schmaltz, Tyler Ennis, Zach Parise, Oskar Sundqvist, Nicholas Ritchie, Josh Archibald
Custom OT Lines Defensemen
Jacob Muzzin, Cam Fowler, Adam Larsson, Haydn Fleury, Oscar Fantenberg

Scratches
None

UTAH ICE BEARS

5 vs 5 Forward 
   Center                   Left Wing                Right Wing               Time % Phy DF OF 
 1 Artem Anisimov           Nicholas Paul            Zachary Sanford          36     0   3  2  
 2 Alex Galchenyuk          Andrew Mangiapane        Valentin Zykov           31     0   3  2  
 3 Blake Lizotte            Vladimir Sobotka         Robert Lantosi           23     2   3  0  
 4 Alex Galchenyuk          Andrew Mangiapane        Zachary Sanford          10     1   2  2  

5 vs 5 Defense 
   Defense                  Defense                                           Time % Phy DF OF 
 1 Alexander Edler          Kevin Shattenkirk                                 36     1   3  1  
 2 T.J. Brodie              MacKenzie Weegar                                  31     1   3  1  
 3 Radim Simek              Troy Stecher                                      23     1   3  1  
 4 Alexander Edler          Kevin Shattenkirk                                 10     1   3  1  

PowerPlay Forward 
   Center                   Left Wing                Right Wing               Time % Phy DF OF 
 1 Artem Anisimov           Nicholas Paul            Zachary Sanford          55     0   1  4  
 2 Alex Galchenyuk          Andrew Mangiapane        Valentin Zykov           45     0   1  4  

PowerPlay Defense
   Defense                  Defense                                           Time % Phy DF OF 
 1 Alexander Edler          Kevin Shattenkirk                                 55     0   2  3  
 2 T.J. Brodie              MacKenzie Weegar                                  45     0   2  3  

Penalty Kill 4 Players Forward 
   Center                   Wing                     Time % Phy DF OF 
 1 Alex Galchenyuk          Nicholas Paul            55     1   4  0  
 2 Andrew Mangiapane        Zachary Sanford          45     1   4  0  

Penalty Kill 4 Players Defense
   Defense                  Defense                  Time % Phy DF OF 
 1 Alexander Edler          Kevin Shattenkirk        55     1   3  1  
 2 T.J. Brodie              MacKenzie Weegar         45     1   3  1  

Penalty Kill - 3 Players Forward 
   Forward                                           Time % Phy DF OF 
 1 Zachary Sanford                                   55     1   4  0  
 2 Nicholas Paul                                     45     1   4  0  

Penalty Kill - 3 Players Defense
   Defense                  Defense                  Time % Phy DF OF 
 1 Alexander Edler          Kevin Shattenkirk        55     1   3  1  
 2 T.J. Brodie              MacKenzie Weegar         45     1   3  1  

4 vs 4 Forward 
   Center                   Wing                     Time % Phy DF OF 
 1 Blake Lizotte            Nicholas Paul            55     0   3  2  
 2 Andrew Mangiapane        Zachary Sanford          45     0   3  2  

4 vs 4 Defense
   Defense                  Defense                  Time % Phy DF OF 
 1 Alexander Edler          Kevin Shattenkirk        55     1   3  1  
 2 T.J. Brodie              MacKenzie Weegar         45     1   3  1  

Last Minutes Offensive
   Center                   Left Wing                Right Wing               Defense                  Defense                  
   Artem Anisimov           Nicholas Paul            Zachary Sanford          Alexander Edler          Kevin Shattenkirk        

Last Minutes Defensive
   Center                   Left Wing                Right Wing               Defense                  Defense                  
   Artem Anisimov           Nicholas Paul            Zachary Sanford          Alexander Edler          Kevin Shattenkirk        

Goaltenders
Starting : Devan Dubnyk             
Backup : Thatcher Demko           

Extra Forwards
Normal : Jakub Lauko, Blake Lizotte, Vladimir Sobotka - PP : Jakub Lauko, Blake Lizotte - PK : Vladimir Sobotka
Extra Defensemen
Normal : Radim Simek, Troy Stecher, T.J. Brodie - PP : Radim Simek - PK : Troy Stecher, T.J. Brodie
Penalty Shots
Vladimir Sobotka, Nicholas Paul, Andrew Mangiapane, Zachary Sanford, Alex Galchenyuk
Custom OT Lines Forwards
Jakub Lauko, Nicholas Paul, Andrew Mangiapane, Zachary Sanford, Alex Galchenyuk, Blake Lizotte, Vladimir Sobotka, Ross Colton, Valentin Zykov, Robert Lantosi
Custom OT Lines Defensemen
Alexander Edler, Kevin Shattenkirk, T.J. Brodie, MacKenzie Weegar, Radim Simek

Scratches
None


% Time on Ice - KANSAS CITY KILLERBEES

Lines # - Real PCT - Wanted PCT - Time Play
Normal Forward
1 - 40% - 36% - 16:28
2 - 37% - 34% - 15:37
3 - 19% - 23% - 7:49
4 - 4% - 7% - 1:47
Normal Defense
1 - 40% - 36% - 16:28
2 - 32% - 35% - 13:13
3 - 29% - 28% - 12:00
4 - 0% - 1% - 0:00
PP Forward
1 - 34% - 55% - 1:22
2 - 66% - 45% - 2:36
PP Defense
1 - 34% - 50% - 1:22
2 - 66% - 50% - 2:36
PK Forward
1 - 60% - 55% - 8:20
2 - 40% - 45% - 5:34
PK Defense
1 - 52% - 50% - 7:16
2 - 48% - 50% - 6:38
PK3 Forward
1 - 0% - 55%
2 - 0% - 45%
PK3 Defense
1 - 0% - 50%
2 - 0% - 50%
44 Forward
1 - 0% - 55%
2 - 0% - 45%
44 Defense
1 - 0% - 50%
2 - 0% - 50%
Last Minute Offensive  - 0:00
Last Minute Defensive  - 0:27
Total
Forward - 60:00
Defense - 60:00

% Time on Ice - UTAH ICE BEARS

Lines # - Real PCT - Wanted PCT - Time Play
Normal Forward
1 - 34% - 36% - 13:55
2 - 27% - 31% - 11:18
3 - 35% - 23% - 14:28
4 - 4% - 10% - 1:48
Normal Defense
1 - 35% - 36% - 14:31
2 - 31% - 31% - 12:58
3 - 31% - 23% - 12:44
4 - 3% - 10% - 1:16
PP Forward
1 - 50% - 55% - 7:00
2 - 50% - 45% - 6:54
PP Defense
1 - 49% - 55% - 6:48
2 - 51% - 45% - 7:06
PK Forward
1 - 54% - 55% - 2:08
2 - 46% - 45% - 1:50
PK Defense
1 - 49% - 55% - 1:56
2 - 51% - 45% - 2:02
PK3 Forward
1 - 0% - 55%
2 - 0% - 45%
PK3 Defense
1 - 0% - 55%
2 - 0% - 45%
44 Forward
1 - 0% - 55%
2 - 0% - 45%
44 Defense
1 - 0% - 55%
2 - 0% - 45%
Last Minute Offensive  - 0:39
Last Minute Defensive  - 0:00
Total
Forward - 60:00
Defense - 60:00

Play-by-Play

1st period


0:01 of 1st period - Artem Anisimov wins face-off versus Sean Couturier in neutral zone.
0:08 of 1st period - Shot by Zachary Sanford.
0:08 of 1st period - Shot Misses the Net.
0:13 of 1st period - Mark Stone is hit by Nicholas Paul and loses puck.
0:24 of 1st period - Shot by Mark Stone.
0:24 of 1st period - Shot Misses the Net.
0:26 of 1st period - Shot by Zach Hyman.
0:26 of 1st period - Stopped by Devan Dubnyk without a rebound.
0:27 of 1st period - Alex Galchenyuk wins face-off versus Nick Schmaltz in UTAH ICE BEARS zone.
1:04 of 1st period - Minor Penalty to Andrew Mangiapane for Slashing.
1:05 of 1st period - Alex Galchenyuk wins face-off versus Sean Couturier in UTAH ICE BEARS zone.
1:23 of 1st period - Icing by Mark Stone.
1:24 of 1st period - Sean Couturier wins face-off versus Vladimir Sobotka in KANSAS CITY KILLERBEES zone.
1:48 of 1st period - Sean Couturier is hit by MacKenzie Weegar and loses puck.
2:10 of 1st period - Icing by Jacob Muzzin.
2:11 of 1st period - Alex Galchenyuk wins face-off versus Tyler Ennis in KANSAS CITY KILLERBEES zone.
2:49 of 1st period - Shot by Jacob Muzzin.
2:49 of 1st period - Shot Misses the Net.
2:51 of 1st period - Shot by Jacob Muzzin.
2:51 of 1st period - Stopped by Devan Dubnyk with a rebound.
3:04 of 1st period - Minor Penalty to Nicholas Ritchie for Tripping.
3:05 of 1st period - Artem Anisimov wins face-off versus Riley Sheahan in KANSAS CITY KILLERBEES zone.
3:05 of 1st period - Zachary Sanford is hit by Oscar Fantenberg.
3:24 of 1st period - Shot by MacKenzie Weegar.
3:24 of 1st period - Stopped by John Gibson without a rebound.
3:25 of 1st period - Jakub Lauko wins face-off versus Riley Sheahan in KANSAS CITY KILLERBEES zone.
3:26 of 1st period - Shot by MacKenzie Weegar.
3:26 of 1st period - Stopped by John Gibson with a rebound.
3:42 of 1st period - Shot by T.J. Brodie.
3:42 of 1st period - Stopped by John Gibson without a rebound.
3:43 of 1st period - Artem Anisimov wins face-off versus Josh Archibald in KANSAS CITY KILLERBEES zone.
3:56 of 1st period - Shot by Alexander Edler.
3:56 of 1st period - Stopped by John Gibson without a rebound.
3:57 of 1st period - Riley Sheahan wins face-off versus Alex Galchenyuk in KANSAS CITY KILLERBEES zone.
3:57 of 1st period - Riley Sheahan is hit by Andrew Mangiapane.
4:04 of 1st period - Icing by Andrew Mangiapane.
4:05 of 1st period - Riley Sheahan wins face-off versus Alex Galchenyuk in UTAH ICE BEARS zone.
4:26 of 1st period - Shot by Alexander Edler.
4:26 of 1st period - Stopped by John Gibson without a rebound.
4:27 of 1st period - Riley Sheahan wins face-off versus Artem Anisimov in KANSAS CITY KILLERBEES zone.
4:38 of 1st period - Shot by Zachary Sanford.
4:38 of 1st period - Shot Misses the Net.
4:40 of 1st period - Shot by T.J. Brodie.
4:40 of 1st period - Shot Blocked by Adam Larsson.
4:42 of 1st period - Shot by Nicholas Paul.
4:42 of 1st period - Shot Misses the Net.
4:44 of 1st period - Shot by Nicholas Paul.
4:44 of 1st period - Stopped by John Gibson without a rebound.
4:45 of 1st period - Paul Stastny wins face-off versus Alex Galchenyuk in KANSAS CITY KILLERBEES zone.
5:08 of 1st period - Blake Lizotte is hit by Adam Larsson and loses puck.
5:20 of 1st period - Blake Lizotte is hit by Adam Larsson and loses puck.
5:33 of 1st period - Shot by Vladimir Sobotka.
5:33 of 1st period - Deflect By Blake Lizotte.
5:33 of 1st period - Shot Blocked by Jacob Muzzin.
5:35 of 1st period - Shot by Radim Simek.
5:35 of 1st period - Stopped by John Gibson without a rebound.
5:36 of 1st period - Sean Couturier wins face-off versus Artem Anisimov in KANSAS CITY KILLERBEES zone.
5:36 of 1st period - Sean Couturier is hit by Zachary Sanford.
5:52 of 1st period - Shot by Zach Hyman.
5:52 of 1st period - Goal by Zach Hyman - KANSAS CITY KILLERBEES : 1 - UTAH ICE BEARS : 0.
5:53 of 1st period - Alex Galchenyuk wins face-off versus Paul Stastny in neutral zone.
6:27 of 1st period - Shot by Alex Galchenyuk.
6:27 of 1st period - Shot Misses the Net.
6:31 of 1st period - Shot by Andrew Mangiapane.
6:31 of 1st period - Stopped by John Gibson without a rebound.
6:32 of 1st period - Sean Couturier wins face-off versus Artem Anisimov in KANSAS CITY KILLERBEES zone.
6:57 of 1st period - Shot by Kevin Shattenkirk.
6:57 of 1st period - Shot Misses the Net.
6:59 of 1st period - Shot by Alexander Edler.
6:59 of 1st period - Shot Misses the Net.
7:01 of 1st period - Shot by Alexander Edler.
7:01 of 1st period - Shot Blocked by Sean Couturier.
7:03 of 1st period - Shot by Artem Anisimov.
7:03 of 1st period - Deflect By Nicholas Paul.
7:03 of 1st period - Stopped by John Gibson without a rebound.
7:04 of 1st period - Nick Schmaltz wins face-off versus Blake Lizotte in KANSAS CITY KILLERBEES zone.
8:34 of 1st period - Icing by Artem Anisimov.
8:35 of 1st period - Artem Anisimov wins face-off versus Paul Stastny in UTAH ICE BEARS zone.
8:51 of 1st period - Shot by Nicholas Paul.
8:51 of 1st period - Stopped by John Gibson without a rebound.
8:52 of 1st period - Alex Galchenyuk wins face-off versus Oskar Sundqvist in KANSAS CITY KILLERBEES zone.
9:04 of 1st period - Icing by MacKenzie Weegar.
9:05 of 1st period - Alex Galchenyuk wins face-off versus Sean Couturier in UTAH ICE BEARS zone.
10:03 of 1st period - Icing by Adam Larsson.
10:04 of 1st period - Nick Schmaltz wins face-off versus Nicholas Paul in KANSAS CITY KILLERBEES zone.
11:14 of 1st period - Shot by Blake Lizotte.
11:14 of 1st period - Shot Misses the Net.
11:41 of 1st period - Icing by Cam Fowler.
11:42 of 1st period - Paul Stastny wins face-off versus Andrew Mangiapane in KANSAS CITY KILLERBEES zone.
12:04 of 1st period - Alex Galchenyuk is hit by Oscar Fantenberg and loses puck.
12:07 of 1st period - Shot by T.J. Brodie.
12:07 of 1st period - Deflect By Andrew Mangiapane.
12:07 of 1st period - Stopped by John Gibson without a rebound.
12:08 of 1st period - Vladimir Sobotka wins face-off versus Nick Schmaltz in KANSAS CITY KILLERBEES zone.
12:08 of 1st period - Alexander Edler is hit by Jacob Muzzin and loses puck.
12:13 of 1st period - Shot by Blake Lizotte.
12:13 of 1st period - Shot Misses the Net.
12:22 of 1st period - Icing by Adam Larsson.
12:23 of 1st period - Nick Schmaltz wins face-off versus Zachary Sanford in KANSAS CITY KILLERBEES zone.
12:42 of 1st period - Shot by Zach Parise.
12:42 of 1st period - Shot Misses the Net.
13:02 of 1st period - Shot by Zach Parise.
13:02 of 1st period - Shot Misses the Net.
13:40 of 1st period - Icing by Oscar Fantenberg.
13:41 of 1st period - Sean Couturier wins face-off versus Blake Lizotte in KANSAS CITY KILLERBEES zone.
14:19 of 1st period - Shot by Nicholas Ritchie.
14:19 of 1st period - Stopped by Devan Dubnyk with a rebound.
14:33 of 1st period - Icing by Blake Lizotte.
14:34 of 1st period - Blake Lizotte wins face-off versus Nick Schmaltz in UTAH ICE BEARS zone.
14:48 of 1st period - Off-side.
14:49 of 1st period - Andrew Mangiapane wins face-off versus Ryan Dzingel in neutral zone.
15:11 of 1st period - Shot by Andrew Mangiapane.
15:11 of 1st period - Deflect By Alex Galchenyuk.
15:11 of 1st period - Stopped by John Gibson without a rebound.
15:12 of 1st period - Artem Anisimov wins face-off versus Mark Stone in KANSAS CITY KILLERBEES zone.
16:19 of 1st period - Shot by Alex Galchenyuk.
16:19 of 1st period - Shot Blocked by Adam Larsson.
16:21 of 1st period - Shot by Alexander Edler.
16:21 of 1st period - Shot Blocked by Jacob Muzzin.
16:52 of 1st period - Off-side.
16:53 of 1st period - Blake Lizotte wins face-off versus Nick Schmaltz in neutral zone.
17:02 of 1st period - Icing by Oscar Fantenberg.
17:03 of 1st period - Artem Anisimov wins face-off versus Nick Schmaltz in KANSAS CITY KILLERBEES zone.
17:23 of 1st period - Nick Schmaltz is hit by T.J. Brodie.
17:53 of 1st period - Shot by Paul Stastny.
17:53 of 1st period - Shot Misses the Net.
18:03 of 1st period - Shot by Paul Stastny.
18:03 of 1st period - Stopped by Devan Dubnyk without a rebound.
18:04 of 1st period - Sean Couturier wins face-off versus Alex Galchenyuk in UTAH ICE BEARS zone.
18:09 of 1st period - Shot by Sean Couturier.
18:09 of 1st period - Shot Misses the Net.
19:03 of 1st period - Shot by Paul Stastny.
19:03 of 1st period - Stopped by Devan Dubnyk with a rebound.
19:05 of 1st period - Shot by Paul Stastny.
19:05 of 1st period - Shot Misses the Net.
19:44 of 1st period - Icing by Radim Simek.
19:45 of 1st period - Blake Lizotte wins face-off versus Nick Schmaltz in UTAH ICE BEARS zone.
Goals for this period are 1 for KANSAS CITY KILLERBEES vs 0 for UTAH ICE BEARS.
Shots for this period are 6 for KANSAS CITY KILLERBEES vs 12 for UTAH ICE BEARS.

2nd period


0:01 of 2nd period - Alex Galchenyuk wins face-off versus Zach Parise in neutral zone.
0:05 of 2nd period - Shot by Andrew Mangiapane.
0:05 of 2nd period - Stopped by John Gibson without a rebound.
0:06 of 2nd period - Alex Galchenyuk wins face-off versus Nick Schmaltz in KANSAS CITY KILLERBEES zone.
0:29 of 2nd period - Shot by Alex Galchenyuk.
0:29 of 2nd period - Goal by Alex Galchenyuk - KANSAS CITY KILLERBEES : 1 - UTAH ICE BEARS : 1.
0:30 of 2nd period - Sean Couturier wins face-off versus Blake Lizotte in neutral zone.
1:37 of 2nd period - Shot by Alexander Edler.
1:37 of 2nd period - Stopped by John Gibson without a rebound.
1:38 of 2nd period - Paul Stastny wins face-off versus Artem Anisimov in KANSAS CITY KILLERBEES zone.
1:52 of 2nd period - Adam Larsson is hit by Zachary Sanford and loses puck.
2:36 of 2nd period - Off-side.
2:37 of 2nd period - Alex Galchenyuk wins face-off versus Nick Schmaltz in neutral zone.
2:39 of 2nd period - Off-side.
2:40 of 2nd period - Alex Galchenyuk wins face-off versus Nick Schmaltz in neutral zone.
4:41 of 2nd period - Icing by Alexander Edler.
4:42 of 2nd period - Paul Stastny wins face-off versus Zachary Sanford in UTAH ICE BEARS zone.
5:14 of 2nd period - Shot by Josh Archibald.
5:14 of 2nd period - Stopped by Devan Dubnyk without a rebound.
5:15 of 2nd period - Alex Galchenyuk wins face-off versus Nick Schmaltz in UTAH ICE BEARS zone.
5:32 of 2nd period - Shot by Troy Stecher.
5:32 of 2nd period - Stopped by John Gibson without a rebound.
5:33 of 2nd period - Sean Couturier wins face-off versus Blake Lizotte in KANSAS CITY KILLERBEES zone.
5:47 of 2nd period - Sean Couturier is hit by T.J. Brodie and loses puck.
6:05 of 2nd period - Minor Penalty to T.J. Brodie for Interference.
6:06 of 2nd period - Nick Schmaltz wins face-off versus Alex Galchenyuk in UTAH ICE BEARS zone.
6:43 of 2nd period - Andrew Mangiapane is hit by Nick Schmaltz.
6:53 of 2nd period - Jacob Muzzin is hit by Nicholas Paul and loses puck.
7:12 of 2nd period - Andrew Mangiapane is hit by Tyler Ennis and loses puck.
7:27 of 2nd period - Nicholas Paul is hit by Tyler Ennis and loses puck.
8:37 of 2nd period - Shot by Vladimir Sobotka.
8:37 of 2nd period - Stopped by John Gibson without a rebound.
8:38 of 2nd period - Alex Galchenyuk wins face-off versus Sean Couturier in KANSAS CITY KILLERBEES zone.
9:23 of 2nd period - Shot by Zach Hyman.
9:23 of 2nd period - Shot Misses the Net.
9:32 of 2nd period - Icing by Troy Stecher.
9:33 of 2nd period - Paul Stastny wins face-off versus Alex Galchenyuk in UTAH ICE BEARS zone.
9:56 of 2nd period - Shot by Josh Archibald.
9:56 of 2nd period - Stopped by Devan Dubnyk without a rebound.
9:57 of 2nd period - Artem Anisimov wins face-off versus Oskar Sundqvist in UTAH ICE BEARS zone.
10:04 of 2nd period - Shot by Zachary Sanford.
10:04 of 2nd period - Stopped by John Gibson without a rebound.
10:05 of 2nd period - Artem Anisimov wins face-off versus Sean Couturier in KANSAS CITY KILLERBEES zone.
10:27 of 2nd period - Shot by Sean Couturier.
10:27 of 2nd period - Stopped by Devan Dubnyk without a rebound.
10:28 of 2nd period - Nick Schmaltz wins face-off versus Blake Lizotte in UTAH ICE BEARS zone.
11:44 of 2nd period - Shot by Mark Stone.
11:44 of 2nd period - Stopped by Devan Dubnyk with a rebound.
11:53 of 2nd period - Zach Hyman is hit by Kevin Shattenkirk and loses puck.
12:07 of 2nd period - Mark Stone is hit by Alexander Edler and loses puck.
12:10 of 2nd period - Shot by Zach Hyman.
12:10 of 2nd period - Stopped by Devan Dubnyk with a rebound.
12:42 of 2nd period - Shot by Nicholas Ritchie.
12:42 of 2nd period - Shot Blocked by Alexander Edler.
12:44 of 2nd period - Shot by Jacob Muzzin.
12:44 of 2nd period - Shot Misses the Net.
12:46 of 2nd period - Shot by Paul Stastny.
12:46 of 2nd period - Shot Misses the Net.
12:52 of 2nd period - Shot by Nicholas Ritchie.
12:52 of 2nd period - Stopped by Devan Dubnyk without a rebound.
12:53 of 2nd period - Ryan Dzingel wins face-off versus Alex Galchenyuk in UTAH ICE BEARS zone.
13:07 of 2nd period - Oskar Sundqvist is hit by MacKenzie Weegar and loses puck.
13:22 of 2nd period - Shot by Ryan Dzingel.
13:22 of 2nd period - Shot Misses the Net.
13:24 of 2nd period - Shot by Riley Sheahan.
13:24 of 2nd period - Stopped by Devan Dubnyk without a rebound.
13:25 of 2nd period - Nick Schmaltz wins face-off versus Blake Lizotte in UTAH ICE BEARS zone.
13:26 of 2nd period - Shot by Zach Parise.
13:26 of 2nd period - Shot Blocked by Radim Simek.
13:31 of 2nd period - Tyler Ennis is hit by Radim Simek.
13:51 of 2nd period - Shot by Zach Parise.
13:51 of 2nd period - Deflect By Nick Schmaltz.
13:51 of 2nd period - Stopped by Devan Dubnyk without a rebound.
13:52 of 2nd period - Alex Galchenyuk wins face-off versus Sean Couturier in UTAH ICE BEARS zone.
13:52 of 2nd period - Alex Galchenyuk is hit by Mark Stone.
13:57 of 2nd period - Icing by Andrew Mangiapane.
13:58 of 2nd period - Alex Galchenyuk wins face-off versus Sean Couturier in UTAH ICE BEARS zone.
13:58 of 2nd period - Alex Galchenyuk is hit by Sean Couturier.
14:34 of 2nd period - Shot by Andrew Mangiapane.
14:34 of 2nd period - Shot Misses the Net.
14:36 of 2nd period - Shot by MacKenzie Weegar.
14:36 of 2nd period - Shot Blocked by Mark Stone.
14:55 of 2nd period - Icing by Radim Simek.
14:56 of 2nd period - Blake Lizotte wins face-off versus Nick Schmaltz in UTAH ICE BEARS zone.
15:09 of 2nd period - Troy Stecher is hit by Tyler Ennis and loses puck.
15:23 of 2nd period - Shot by Jacob Muzzin.
15:23 of 2nd period - Shot Blocked by Radim Simek.
15:31 of 2nd period - Shot by Tyler Ennis.
15:31 of 2nd period - Stopped by Devan Dubnyk with a rebound.
15:33 of 2nd period - Shot by Nick Schmaltz.
15:33 of 2nd period - Stopped by Devan Dubnyk with a rebound.
15:35 of 2nd period - Shot by Adam Larsson.
15:35 of 2nd period - Shot Misses the Net.
15:37 of 2nd period - Shot by Jacob Muzzin.
15:37 of 2nd period - Goal by Jacob Muzzin - KANSAS CITY KILLERBEES : 2 - UTAH ICE BEARS : 1.
15:38 of 2nd period - Paul Stastny wins face-off versus Artem Anisimov in neutral zone.
16:07 of 2nd period - Shot by Nicholas Paul.
16:07 of 2nd period - Stopped by John Gibson without a rebound.
16:08 of 2nd period - Sean Couturier wins face-off versus Alex Galchenyuk in KANSAS CITY KILLERBEES zone.
16:22 of 2nd period - Shot by Zach Hyman.
16:22 of 2nd period - Stopped by Devan Dubnyk without a rebound.
16:23 of 2nd period - Nick Schmaltz wins face-off versus Blake Lizotte in UTAH ICE BEARS zone.
17:46 of 2nd period - Nick Schmaltz is hit by MacKenzie Weegar and loses puck.
18:09 of 2nd period - Icing by Cam Fowler.
18:10 of 2nd period - Alex Galchenyuk wins face-off versus Sean Couturier in KANSAS CITY KILLERBEES zone.
18:17 of 2nd period - Shot by Andrew Mangiapane.
18:17 of 2nd period - Stopped by John Gibson without a rebound.
18:17 of 2nd period - Minor Penalty to John Gibson for Delaying the game.
18:18 of 2nd period - Alex Galchenyuk wins face-off versus Riley Sheahan in KANSAS CITY KILLERBEES zone.
18:21 of 2nd period - Shot by Kevin Shattenkirk.
18:21 of 2nd period - Shot Blocked by Colin Miller.
18:23 of 2nd period - Shot by Andrew Mangiapane.
18:23 of 2nd period - Stopped by John Gibson without a rebound.
18:24 of 2nd period - Riley Sheahan wins face-off versus Alex Galchenyuk in KANSAS CITY KILLERBEES zone.
18:44 of 2nd period - Icing by Kevin Shattenkirk.
18:45 of 2nd period - Riley Sheahan wins face-off versus Alex Galchenyuk in UTAH ICE BEARS zone.
19:02 of 2nd period - Shot by Alex Galchenyuk.
19:02 of 2nd period - Stopped by John Gibson without a rebound.
19:03 of 2nd period - Paul Stastny wins face-off versus Artem Anisimov in KANSAS CITY KILLERBEES zone.
Goals for this period are 1 for KANSAS CITY KILLERBEES vs 1 for UTAH ICE BEARS.
Shots for this period are 12 for KANSAS CITY KILLERBEES vs 10 for UTAH ICE BEARS.

3rd period


0:01 of 3rd period - Riley Sheahan wins face-off versus Artem Anisimov in neutral zone.
0:25 of 3rd period - Shot by Andrew Mangiapane.
0:25 of 3rd period - Stopped by John Gibson with a rebound.
0:27 of 3rd period - Shot by Andrew Mangiapane.
0:27 of 3rd period - Stopped by John Gibson without a rebound.
0:28 of 3rd period - Sean Couturier wins face-off versus Blake Lizotte in KANSAS CITY KILLERBEES zone.
0:28 of 3rd period - Sean Couturier is hit by Vladimir Sobotka.
0:42 of 3rd period - Shot by Sean Couturier.
0:42 of 3rd period - Shot Misses the Net.
0:44 of 3rd period - Shot by Zach Hyman.
0:44 of 3rd period - Shot Blocked by MacKenzie Weegar.
0:46 of 3rd period - Shot by Sean Couturier.
0:46 of 3rd period - Stopped by Devan Dubnyk with a rebound.
0:48 of 3rd period - Shot by Zach Hyman.
0:48 of 3rd period - Shot Blocked by T.J. Brodie.
0:50 of 3rd period - Shot by Mark Stone.
0:50 of 3rd period - Stopped by Devan Dubnyk without a rebound.
0:51 of 3rd period - Nick Schmaltz wins face-off versus Alex Galchenyuk in UTAH ICE BEARS zone.
1:00 of 3rd period - Shot by Tyler Ennis.
1:00 of 3rd period - Stopped by Devan Dubnyk without a rebound.
1:01 of 3rd period - Sean Couturier wins face-off versus Artem Anisimov in UTAH ICE BEARS zone.
1:06 of 3rd period - Shot by Sean Couturier.
1:06 of 3rd period - Stopped by Devan Dubnyk without a rebound.
1:07 of 3rd period - Nick Schmaltz wins face-off versus Artem Anisimov in UTAH ICE BEARS zone.
1:18 of 3rd period - Shot by Tyler Ennis.
1:18 of 3rd period - Stopped by Devan Dubnyk without a rebound.
1:19 of 3rd period - Mark Stone wins face-off versus Alex Galchenyuk in UTAH ICE BEARS zone.
1:38 of 3rd period - Shot by Mark Stone.
1:38 of 3rd period - Deflect By Sean Couturier.
1:38 of 3rd period - Stopped by Devan Dubnyk without a rebound.
1:39 of 3rd period - Artem Anisimov wins face-off versus Nick Schmaltz in UTAH ICE BEARS zone.
2:19 of 3rd period - Icing by Kevin Shattenkirk.
2:20 of 3rd period - Artem Anisimov wins face-off versus Paul Stastny in UTAH ICE BEARS zone.
2:20 of 3rd period - Artem Anisimov is hit by Nicholas Ritchie.
2:34 of 3rd period - Double Minor Penalty to Nicholas Ritchie for Boarding.
2:35 of 3rd period - Riley Sheahan wins face-off versus Alex Galchenyuk in KANSAS CITY KILLERBEES zone.
2:52 of 3rd period - Shot by Alex Galchenyuk.
2:52 of 3rd period - Stopped by John Gibson without a rebound.
2:53 of 3rd period - Riley Sheahan wins face-off versus Alex Galchenyuk in KANSAS CITY KILLERBEES zone.
3:08 of 3rd period - Shot by MacKenzie Weegar.
3:08 of 3rd period - Shot Misses the Net.
3:12 of 3rd period - Shot by Andrew Mangiapane.
3:12 of 3rd period - Shot Misses the Net.
3:14 of 3rd period - Shot by T.J. Brodie.
3:14 of 3rd period - Stopped by John Gibson without a rebound.
3:15 of 3rd period - Paul Stastny wins face-off versus Artem Anisimov in KANSAS CITY KILLERBEES zone.
5:18 of 3rd period - Icing by MacKenzie Weegar.
5:19 of 3rd period - Riley Sheahan wins face-off versus Valentin Zykov in UTAH ICE BEARS zone.
5:28 of 3rd period - Shot by Alex Galchenyuk.
5:28 of 3rd period - Deflect By Andrew Mangiapane.
5:28 of 3rd period - Stopped by John Gibson with a rebound.
6:47 of 3rd period - Shot by Sean Couturier.
6:47 of 3rd period - Stopped by Devan Dubnyk with a rebound.
6:49 of 3rd period - Shot by Sean Couturier.
6:49 of 3rd period - Shot Misses the Net.
7:34 of 3rd period - Icing by Colin Miller.
7:35 of 3rd period - Zach Parise wins face-off versus Alex Galchenyuk in KANSAS CITY KILLERBEES zone.
8:24 of 3rd period - Off-side.
8:25 of 3rd period - Oskar Sundqvist wins face-off versus Artem Anisimov in neutral zone.
8:32 of 3rd period - Shot by Oskar Sundqvist.
8:32 of 3rd period - Stopped by Devan Dubnyk without a rebound.
8:33 of 3rd period - Sean Couturier wins face-off versus Zachary Sanford in UTAH ICE BEARS zone.
9:12 of 3rd period - Minor Penalty to Sean Couturier for Cross-checking.
9:13 of 3rd period - Riley Sheahan wins face-off versus Alex Galchenyuk in KANSAS CITY KILLERBEES zone.
9:40 of 3rd period - Shot by Andrew Mangiapane.
9:40 of 3rd period - Deflect By Alex Galchenyuk.
9:40 of 3rd period - Shot Misses the Net.
10:12 of 3rd period - Shot by Nicholas Paul.
10:12 of 3rd period - Shot Misses the Net.
10:14 of 3rd period - Shot by Alexander Edler.
10:14 of 3rd period - Stopped by John Gibson with a rebound.
10:16 of 3rd period - Shot by Alexander Edler.
10:16 of 3rd period - Shot Misses the Net.
10:22 of 3rd period - Shot by Nicholas Paul.
10:22 of 3rd period - Shot Misses the Net.
10:53 of 3rd period - Icing by T.J. Brodie.
10:54 of 3rd period - Alex Galchenyuk wins face-off versus Paul Stastny in UTAH ICE BEARS zone.
11:18 of 3rd period - Icing by Zach Parise.
11:19 of 3rd period - Nick Schmaltz wins face-off versus Blake Lizotte in KANSAS CITY KILLERBEES zone.
12:07 of 3rd period - Icing by Jacob Muzzin.
12:08 of 3rd period - Nick Schmaltz wins face-off versus Artem Anisimov in KANSAS CITY KILLERBEES zone.
12:13 of 3rd period - Shot by Nick Schmaltz.
12:13 of 3rd period - Stopped by Devan Dubnyk with a rebound.
12:21 of 3rd period - Minor Penalty to Nick Schmaltz for Elbowing.
12:22 of 3rd period - Alex Galchenyuk wins face-off versus Riley Sheahan in KANSAS CITY KILLERBEES zone.
12:23 of 3rd period - Shot by T.J. Brodie.
12:23 of 3rd period - Stopped by John Gibson without a rebound.
12:24 of 3rd period - Riley Sheahan wins face-off versus Artem Anisimov in KANSAS CITY KILLERBEES zone.
12:34 of 3rd period - Off-side.
12:35 of 3rd period - Riley Sheahan wins face-off versus Alex Galchenyuk in neutral zone.
12:44 of 3rd period - Shot by Alexander Edler.
12:44 of 3rd period - Stopped by John Gibson without a rebound.
12:45 of 3rd period - Artem Anisimov wins face-off versus Riley Sheahan in KANSAS CITY KILLERBEES zone.
13:24 of 3rd period - Nicholas Ritchie is hit by Nicholas Paul and loses puck.
13:51 of 3rd period - Shot by Andrew Mangiapane.
13:51 of 3rd period - Shot Misses the Net.
13:53 of 3rd period - Shot by MacKenzie Weegar.
13:53 of 3rd period - Stopped by John Gibson with a rebound.
14:30 of 3rd period - Shot by Zach Hyman.
14:30 of 3rd period - Stopped by Devan Dubnyk without a rebound.
14:31 of 3rd period - Sean Couturier wins face-off versus Blake Lizotte in UTAH ICE BEARS zone.
14:34 of 3rd period - Shot by Mark Stone.
14:34 of 3rd period - Stopped by Devan Dubnyk without a rebound.
14:35 of 3rd period - Blake Lizotte wins face-off versus Sean Couturier in UTAH ICE BEARS zone.
15:30 of 3rd period - Off-side.
15:31 of 3rd period - Alex Galchenyuk wins face-off versus Nick Schmaltz in neutral zone.
15:47 of 3rd period - Minor Penalty to Jacob Muzzin for Holding.
15:48 of 3rd period - Artem Anisimov wins face-off versus Riley Sheahan in KANSAS CITY KILLERBEES zone.
16:21 of 3rd period - Shot by Zachary Sanford.
16:21 of 3rd period - Shot Misses the Net.
16:23 of 3rd period - Shot by T.J. Brodie.
16:23 of 3rd period - Stopped by John Gibson with a rebound.
16:25 of 3rd period - Shot by Artem Anisimov.
16:25 of 3rd period - Stopped by John Gibson without a rebound.
16:26 of 3rd period - Riley Sheahan wins face-off versus Alex Galchenyuk in KANSAS CITY KILLERBEES zone.
16:26 of 3rd period - Riley Sheahan is hit by Valentin Zykov.
16:40 of 3rd period - Riley Sheahan is hit by Alex Galchenyuk and loses puck.
17:23 of 3rd period - Shot by Nicholas Paul.
17:23 of 3rd period - Shot Misses the Net.
17:25 of 3rd period - Shot by MacKenzie Weegar.
17:25 of 3rd period - Stopped by John Gibson without a rebound.
17:26 of 3rd period - Paul Stastny wins face-off versus Artem Anisimov in KANSAS CITY KILLERBEES zone.
17:28 of 3rd period - Josh Archibald is hit by Nicholas Paul and loses puck.
18:12 of 3rd period - Blake Lizotte is hit by Jacob Muzzin and loses puck.
19:00 of 3rd period - UTAH ICE BEARS, Devan Dubnyk is pulled from the net.
19:00 of 3rd period - Shot by Valentin Zykov.
19:00 of 3rd period - Shot Blocked by Mark Stone.
19:46 of 3rd period - Shot by Paul Stastny.
19:46 of 3rd period - Shot Misses the Net.
Goals for this period are 0 for KANSAS CITY KILLERBEES vs 0 for UTAH ICE BEARS.
Shots for this period are 11 for KANSAS CITY KILLERBEES vs 12 for UTAH ICE BEARS.


DARCY
KUEMPER
JAKE
OETTINGER
NINO
NIEDERREITER

EAST COAST

HOCKEY LEAGUE

  • 1.CHI2QUE4
  • 2.LIM2CHA3
  • 3.LON3TRV5
  • 4.BAL5CHW6
  • 5.MANPIT
  • 6.NHWATL
  • 7.PETWOR
  • 8.RHI